 Dungeon Crawl Stone Soup version 0.26.1-2-gb8aa6d0cf2 (webtiles) character file.

Game seed: 4949181322123447908

9254 funkygono the Geomancer (level 11, -1/58 HPs)
             Began as a Gargoyle Earth Elementalist on Feb 9, 2021.
             Was a High Priest of Vehumet.
             Slain by a skeletal warrior
             ... wielding a +0 short sword
             ... led by a death knight
              (13 damage)
             ... on level 11 of the Dungeon.
             The game lasted 00:35:01 (12781 turns).

funkygono the Geomancer (GrEE)                     Turns: 12781, Time: 00:35:02

Health: -1/58      AC: 21    Str: 12    XL:     11   Next: 43%
Magic:  2/25       EV: 12    Int: 19    God:    Vehumet [*****.]
Gold:   526        SH:  0    Dex: 10    Spells: 14/30 levels left

rFire    . . .     SeeInvis .   j - +3 quarterstaff (chaos)
rCold    . . .     Faith    .   (shield currently unavailable)
rNeg     + . .     Spirit   .   M - +0 acid dragon scales
rPois    ∞         Reflect  .   m - +2 helmet
rElec    +         Harm     .   l - +1 cloak {rPois}
rCorr    +         Rampage  .   (no gloves)
Will     .....                  N - +0 pair of boots
Stlth    ++........             E - amulet of magic regeneration
HPRegen  0.19/turn              (no ring)
MPRegen  0.44/turn              (no ring)

@: no status effects
A: negative energy resistance 1, electricity resistance, unbreathing,
petrification resistance, miasma immunity, AC +8
a: Renounce Religion


You were on level 11 of the Dungeon.
You worshipped Vehumet.
Vehumet was extremely pleased with you.
You visited 1 branch of the dungeon, and saw 11 of its levels.
You also visited: Ossuary.

You collected 526 gold pieces.

Inventory:

Hand Weapons
 h - a +1 whip
 j - a +3 quarterstaff of chaos (weapon)
 w - a +6 flail of freezing
 x - a +2 flail of protection
 H - a +1 whip of flaming
Missiles
 t - 103 stones
Armour
 b - a +3 ring mail of cold resistance
 c - a +0 robe
 e - a +0 leather armour
 l - a +1 cloak of poison resistance (worn)
 m - a +2 helmet (worn)
 u - a scarf of harm
 I - a +2 robe of willpower
 K - a +0 troll leather armour
 M - +0 acid dragon scales (worn)
 N - a +0 pair of boots (worn)
Jewellery
 a - an uncursed amulet of guardian spirit
 i - an uncursed amulet of the acrobat
 E - an amulet of magic regeneration (around neck)
 F - an uncursed ring of willpower
Wands
 o - a wand of random effects (19)
 q - a wand of disintegration (21)
 r - a wand of flame (22)
 y - a wand of iceblast (7)
 J - a wand of polymorph (6)
 L - a wand of enslavement (12)
Scrolls
 f - a scroll of amnesia
 p - 2 scrolls of blinking
 v - 2 scrolls of remove curse
 A - 4 scrolls of teleportation
Potions
 d - a potion of resistance
 g - a potion of brilliance
 k - 8 potions of curing
 n - a potion of heal wounds
 s - 3 potions of flight
 z - a potion of ambrosia
 B - a potion of haste {unknown}
 C - 5 potions of lignification
 D - 2 potions of mutation {unknown}
 G - a potion of magic {unknown}


   Skills:
 + Level 2.3 Fighting
 + Level 1.3(2.4) Maces & Flails
 + Level 3.2(3.4) Staves
 + Level 3.6 Armour
 + Level 2.9 Dodging
 + Level 3.0 Stealth
 + Level 10.2 Spellcasting
 * Level 6.8 Conjurations
 - Level 0.7 Transmutations
 * Level 3.4 Fire Magic
 + Level 11.1 Earth Magic
 * Level 3.1 Poison Magic


You had 14 spell levels left.
You knew the following spells:

 Your Spells              Type           Power        Failure   Level
a - Sandblast             Erth           100%         1%          1
b - Stone Arrow           Conj/Erth      86%          1%          3
c - Lee's Rapid Deconstr  Erth           25%          1%          5
d - Ignite Poison         Fire/Tmut/Pois 18%          3%          3
e - Olgreb's Toxic Radia  Pois           21%          9%          4

Your spell library contained the following spells:

 Spells                   Type           Power        Failure   Level
 Fulminant Prism          Conj/Hex       11%          7%          4
 Magic Dart               Conj           100%         1%          1
 Passwall                 Tmut/Erth      26%          1%          2
 Conjure Flame            Conj/Fire      29%          1%          3
 Mephitic Cloud           Conj/Pois/Air  22%          2%          3
 Sting                    Tmut/Pois      64%          4%          1
 Poisonous Vapours        Pois/Air       30%          9%          2
 Petrify                  Tmut/Erth      32%          10%         4
 Blink                    Tloc           N/A          16%         2
 Call Imp                 Summ           9%           16%         2
 Slow                     Hex            9%           16%         2


Dungeon Overview and Level Annotations

Branches:
Dungeon (11/15)            Temple (0/1) D:4            Lair (0/6) D:10
    Orc (0/2) D:10        Ossuary (visited)

Altars:
Ashenzari
Cheibriados
Dithmenos
Gozag
Hepliaklqana
Kikubaaqudgha
Makhleb
Nemelex Xobeh
Ru
Sif Muna
Trog
Vehumet
Yredelemnul
Zin
The Shining One

Shops:
D:4 [


Innate Abilities, Weirdness & Mutations

You are resistant to torment.
Your stone body is resilient. (AC +8)
You are immune to poison.
You resist negative energy. (rN+)
You are resistant to electric shocks. (rElec)
You can survive without breathing.
You are immune to petrification.
You are immune to miasma.


Message History

Confirm with . or Enter, or press ? or * to list all spells.
You ignite the poison in your surroundings!
The death knight seems to burn from within!
The death knight is severely wounded.
The death knight reflects your damage back at you!
The death knight is poisoned.
Your toxic aura wanes.
The death knight reflects your damage back at you!
The death knight hits you from afar with a +0 halberd.
The skeletal warrior hits you but does no damage.
Casting: Ignite Poison (dangerous; 3% risk of failure)
Confirm with . or Enter, or press ? or * to list all spells.
You ignite the poison in your surroundings!
The death knight seems to burn from within!
The death knight is almost dead.
The death knight reflects your damage back at you!
* * * LOW HITPOINT WARNING * * *
The death knight hits you but does no damage.
The skeletal warrior hits you with a +0 short sword!
You die...

#....†..#
..######.#######
#........#
#.######.# #.#
#.# #.#######
#....[..#
#@####### #z#
#p# #z# #(#
.zp.z.........#
.######.......#
#.......#
#....)..#


You could see a death knight (reflects damage) and 2 skeletal warriors.

Vanquished Creatures
  Pikel (D:7)
  A manticore (D:8)
  3 trolls
  Grinder (D:4)
  A wyvern (D:6)
  A wraith (D:11)
  7 yaks
  3 wargs (D:10)
  Edmund (D:5)
  Menkaure (D:4)
  An acid dragon (D:8)
  A water moccasin (D:10)
  Duvessa (D:6)
  A phantom (D:9)
  2 sky beasts
  2 orc warriors
  An eye of draining (D:11)
  A black bear (D:7)
  3 ogres
  6 centaurs
  2 lemures (D:7)
  2 big kobolds
  7 bullfrogs
  A gnoll sergeant (D:6)
  Dowan (D:6)
  5 water moccasin zombies (Ossuary)
  2 wyvern skeletons
  6 scorpions
  10 killer bees
  9 wights
  8 howler monkeys
  A bullfrog zombie (D:7)
  6 hounds
  A jelly (D:8)
  11 orc wizards
  Crazy Yiuf (D:2)
  2 orc priests
  2 bullfrog skeletons
  2 centaur skeletons (D:5)
  Ijyb (D:3)
  An iguana (D:7)
  7 worker ants
  2 big kobold zombies (Ossuary)
  2 mummies (Ossuary)
  A worker ant zombie (D:5)
  9 gnolls
  A howler monkey skeleton (D:6)
  14 adders
  2 shadow imps (D:6)
  5 white imps
  4 ufetubi
  An ooze (D:3)
  An adder skeleton (D:4)
  8 adder zombies
  4 worms (D:2)
  2 dart slugs
  3 leopard geckos
  39 orcs
  5 ball pythons
  9 bats
  A bat zombie (D:7)
  5 giant cockroaches
  2 gnoll zombies (Ossuary)
  9 goblins
  8 hobgoblins
  3 jackals (D:1)
  3 quokkas
  A ball python skeleton (D:4)
  6 frilled lizards
  4 hobgoblin zombies (Ossuary)
  15 kobolds
  2 kobold zombies (Ossuary)
  2 leopard gecko skeletons
  A leopard gecko zombie (D:7)
  9 orc zombies (Ossuary)
  2 quokka skeletons
  3 rats
  2 rat zombies (D:7)
317 creatures vanquished.

Vanquished Creatures (others)
  An orc (D:9)
  4 fungi (D:10)
  A plant (D:10)
  A withered plant (D:2)
7 creatures vanquished.

Grand Total: 324 creatures vanquished

Notes
Turn   | Place    | Note
-------+----------+-------------------------------------------
     0 | D:1      | funkygono the Gargoyle Earth Elementalist began the quest
                  | for the Orb.
     0 | D:1      | Reached XP level 1. HP: 10/10 MP: 3/3
   239 | D:1      | Reached XP level 2. HP: 15/15 MP: 3/5
   530 | D:1      | Reached skill level 4 in Earth Magic
  1304 | D:2      | Reached XP level 3. HP: 19/19 MP: 1/7
  1402 | D:2      | Learned a level 3 spell: Stone Arrow
  1456 | D:2      | Reached XP level 4. HP: 24/24 MP: 4/8
  1529 | D:2      | Found an opulent altar of Gozag.
  1741 | D:2      | Found a runed translucent door.
  1742 | D:2      | Noticed Crazy Yiuf
  1749 | D:2      | Killed Crazy Yiuf
  1750 | D:2      | Reached skill level 5 in Earth Magic
  2005 | D:2      | Found a basalt altar of Yredelemnul.
  2055 | D:2      | Reached XP level 5. HP: 28/28 MP: 2/9
  2472 | D:3      | Reached skill level 1 in Conjurations
  2472 | D:3      | Reached XP level 6. HP: 18/32 MP: 1/11
  2623 | D:3      | Noticed Ijyb
  2683 | D:3      | Killed Ijyb
  3143 | D:3      | Reached skill level 6 in Earth Magic
  3442 | D:4      | Noticed Menkaure
  3447 | D:4      | Killed Menkaure
  3448 | D:4      | Reached XP level 7. HP: 30/36 MP: 5/13
  3647 | D:4      | Found Wacost's Armour Shop.
  3682 | D:4      | Found a bloodstained altar of Trog.
  3789 | D:4      | Found a glowing silver altar of Zin.
  3789 | D:4      | Noticed Grinder
  3790 | D:4      | Paralysed by Grinder for 6 turns
  3798 | D:4      | Killed Grinder
  3799 | D:4      | Reached skill level 1 in Armour
  3799 | D:4      | Reached skill level 5 in Spellcasting
  3799 | D:4      | Reached skill level 7 in Earth Magic
  3926 | D:4      | Noticed an angel
  3927 | D:4      | Found a burning altar of Makhleb.
  3928 | D:4      | Noticed a balrug
  3996 | D:4      | Found a radiant altar of Vehumet.
  4002 | D:4      | Became a worshipper of Vehumet
  4052 | D:4      | Found a snail-covered altar of Cheibriados.
  4108 | D:4      | Found a hazy altar of Hepliaklqana.
  4353 | D:4      | Reached XP level 8. HP: 41/41 MP: 2/16
  4367 | D:4      | Learned a level 5 spell: Lee's Rapid Deconstruction
  4498 | D:4      | Found a staircase to the Ecumenical Temple.
  4860 | D:5      | Entered Level 5 of the Dungeon
  4928 | D:5      | Noticed Edmund
  4957 | D:5      | Killed Edmund
  4958 | D:5      | Reached skill level 8 in Earth Magic
  5238 | D:5      | Reached skill level 1 in Maces & Flails
  5309 | D:5      | Found a broken altar of Ashenzari.
  5911 | D:5      | Found a shimmering blue altar of Sif Muna.
  6223 | D:6      | Reached * piety under Vehumet
  6223 | D:6      | Offered knowledge of Foxfire by Vehumet.
  6295 | D:6      | Reached skill level 1 in Staves
  6395 | D:6      | Reached XP level 9. HP: 31/46 MP: 16/19
  6592 | D:6      | Reached skill level 1 in Fighting
  6825 | D:6      | Identified the +4 quarterstaff "Arbiter" {pain, rC+ Str+2}
  6941 | D:6      | Found a sand-covered staircase.
  6950 | Ossuary  | Entered an ossuary
  7105 | Ossuary  | Reached skill level 9 in Earth Magic
  7215 | Ossuary  | Offered knowledge of Searing Ray by Vehumet.
  7219 | Ossuary  | Reached ** piety under Vehumet
  7847 | D:6      | Learned a level 3 spell: Ignite Poison
  7852 | D:6      | Learned a level 4 spell: Olgreb's Toxic Radiance
  7977 | D:6      | Offered knowledge of Dazzling Flash by Vehumet.
  8077 | D:6      | Reached skill level 1 in Fire Magic
  8144 | D:6      | Noticed Duvessa
  8145 | D:6      | Noticed Dowan
  8156 | D:6      | Killed Duvessa
  8160 | D:6      | Killed Dowan
  8462 | D:6      | Reached skill level 5 in Conjurations
  8633 | D:7      | Reached *** piety under Vehumet
  8860 | D:7      | Reached XP level 10. HP: 53/53 MP: 17/22
  8867 | D:7      | Offered knowledge of Airstrike by Vehumet.
  9124 | D:7      | Noticed Pikel
  9139 | D:7      | Killed Pikel
  9215 | D:7      | Reached skill level 10 in Earth Magic
  9236 | D:7      | Found a glowing golden altar of the Shining One.
  9513 | D:7      | Reached **** piety under Vehumet
  9520 | D:7      | Found an ancient bone altar of Kikubaaqudgha.
  9745 | D:7      | Reached skill level 1 in Poison Magic
  9746 | D:7      | Offered knowledge of Inner Flame by Vehumet.
  9891 | D:8      | Found a sparkling altar of Nemelex Xobeh.
 10263 | D:8      | Noticed a manticore
 10275 | D:8      | Killed a manticore
 10283 | D:8      | Found a shadowy altar of Dithmenos.
 10283 | D:8      | Found a sacrificial altar of Ru.
 11125 | D:9      | Reached XP level 11. HP: 57/57 MP: 18/24
 11297 | D:9      | Reached skill level 10 in Spellcasting
 11862 | D:10     | Entered Level 10 of the Dungeon
 12043 | D:10     | Found a staircase to the Lair.
 12279 | D:10     | Reached skill level 11 in Earth Magic
 12500 | D:10     | Found a staircase to the Orcish Mines.
 12693 | D:11     | Reached ***** piety under Vehumet
 12697 | D:11     | Offered knowledge of Fulminant Prism by Vehumet.
 12768 | D:11     | Noticed a death knight
 12768 | D:11     | Noticed a skeletal warrior
 12768 | D:11     | Noticed a skeletal warrior
 12781 | D:11     | Slain by a skeletal warrior

Illustrated notes

Levels and vault maps discovered:
D:1:      wander_arrival_fairy_ring, layout_loops_corners
D:2:      layout_basic, yredelemnul_altar_generic, nicolae_gozag_seed_capital,
          uniq_crazy_yiuf_cottage
D:3:      layout_rooms, uniq_ijyb
D:4:      layout_basic, grunt_temple_overflow_order_and_chaos_2,
          kennysheep_little_box, old_standard_altar, kennysheep_mini_moat,
          nzn_hepliaklqana_mist_gate, minmay_temple_entry_nine_rooms,
          serial_shops, nicolae_shop_competitors_out_of_business,
          chequers_serial_rivers_small_a, kennysheep_opposing_triangles,
          uniq_menkaure, uniq_grinder
D:5:      layout_cave_pods, general_overflow_altar, evilmike_ruin_ashenzari,
          serial_column_ruins, column_ruins_corridor_corner,
          column_ruins_corridor_dead_end, column_ruins_grid_1,
          column_ruins_open_small, column_ruins_grid_2, st_stairs_12,
          uniq_edmund
D:6:      layout_basic, enter_ossuary_1, kennysheep_small_circle, uniq_duvessa
D:7:      layout_basic, nicolae_overflow_crystal_walls,
          lemuel_zombie_altar_kikubaaqudgha, uniq_pikel
D:8:      layout_cave_pools, overflow_temple_1_default, serial_column_ruins,
          column_ruins_hut_ruined, column_ruins_corridor_straight,
          column_ruins_open_tiny, column_ruins_grid_3, column_ruins_grid_1,
          column_ruins_corridor_straight, column_ruins_grid_4,
          chequers_mini_garden, jmf_multi_god_temple
D:9:      layout_gridville, lemuel_old_faithful
D:10:     layout_roguey, grunt_lair_entry_orc_guard_hut,
          minmay_orc_entry_guard_dogs
D:11:     layout_small_grid, david_defended_altar_elf

Skill      XL: |  1  2  3  4  5  6  7  8  9 10 11 |
---------------+----------------------------------+-----
Earth Magic    | 4 5 6 7 8 9 10 11 | 11.1
Spellcasting   | 3 4 5 6 8 9 10 | 10.2
Conjurations   | 1 2 4 5 6 |  6.8
Dodging        | 2 |  2.9
Armour         | 1 2 3 |  3.6
Maces & Flails | 1 |  1.3
Staves         | 1 2 3 |  3.2
Fighting       | 1 2 |  2.3
Fire Magic     | 1 2 3 |  3.4
Poison Magic   | 2 3 |  3.1
Stealth        | 3 |  3.0
Transmutations | |  0.7

Action                   |  1- 3 |  4- 6 |  7- 9 | 10-12 || total
-------------------------+-------+-------+-------+-------++-------
Melee: Unarmed           |     2 |       |       |       ||     2
       Whip              |    21 |       |       |       ||    21
       Quarterstaff      |       |    17 |   148 |    44 ||   209
       Flail             |       |       |    19 |       ||    19
 Cast: Sandblast         |    38 |    79 |   111 |    64 ||   292
       Stone Arrow       |       |    12 |    86 |   110 ||   208
       Lee's Rapid Decon |       |       |     2 |    16 ||    18
       Ignite Poison     |       |       |       |     6 ||     6
       Olgreb's Toxic Ra |       |       |       |     4 ||     4
  Use: Scroll            |     5 |     3 |    10 |     6 ||    24
       Potion            |       |       |       |     1 ||     1
 Stab: Paralysed         |       |       |       |     1 ||     1
Armor: Robe              |     1 |       |       |       ||     1
       Leather armour    |    11 |    15 |    95 |       ||   121
       Ring mail         |       |       |     4 |    29 ||    33
       Acid dragon scale |       |       |       |    28 ||    28
Dodge: Dodged            |    20 |    37 |   154 |    67 ||   278
